 Dungeon Crawl Stone Soup version 0.31-a0-1529-g7bd419a0e5 (webtiles) character file.

Game seed: 6086902045863765623

1941 dialectric the Protected (level 8, -1/67 HPs)
             Began as a Minotaur Fighter on Jan 1, 2024.
             Slain by a killer bee (2 damage)
             ... on level 7 of the Dungeon.
             The game lasted 00:04:57 (5369 turns).

dialectric the Protected (Minotaur Fighter)         Turns: 5369, Time: 00:04:58

Health: -1/67      AC: 12    Str: 19    XL:     8   Next: 98%
Magic:  7/7        EV: 11    Int:  4    God:
Gold:   347        SH:  0    Dex: 17    Spells: 7/7 levels left

rFire   . . .        a - +0 flail
rCold   . . .        (no shield)
rNeg    . . .        F - +0 chain mail
rPois   .            (helmet restricted)
rElec   .            (no cloak)
rCorr   .            i - +0 pair of gloves
SInv    +            (no boots)
Will    +....        (no amulet) Stlth
                     C - ring of willpower
HPRegen 0.31/turn    (no ring)
MPRegen 0.10/turn

%: no passive effects
@: lethally poisoned (-1 -> -9), hasted, very quick
A: horns 2, retaliatory headbutt, see invisible, agile 1
a: no special abilities


You were on level 7 of the Dungeon.
You visited 1 branch of the dungeon, and saw 7 of its levels.

You collected 347 gold pieces.

Inventory:

Hand Weapons
 a - a +0 flail (weapon)
Missiles
 h - 10 poisoned darts (quivered)
 n - a throwing net
Armour
 b - a +0 scale mail
 c - a +0 buckler
 i - a +0 pair of gloves (worn)
 u - a +2 kite shield
 F - a +0 chain mail (worn)
Jewellery
 C - a ring of willpower (left hand)
Wands
 v - a wand of mindburst (10)
 x - a wand of iceblast (11)
 D - a wand of polymorph (5)
Scrolls
 g - a scroll of poison {unknown}
 l - a scroll of enchant weapon {unknown}
 o - 3 scrolls of butterflies
 p - a scroll of brand weapon {unknown}
 q - a scroll of torment {unknown}
 r - a scroll of fear
 t - a scroll of enchant armour {unknown}
 w - 2 scrolls of revelation {unknown}
 y - a scroll of acquirement {unknown}
 z - a scroll of identify
 B - a scroll of blinking {unknown}
 E - a scroll of amnesia {unknown}
Potions
 d - a potion of might
 e - a potion of enlightenment {unknown}
 f - 2 potions of attraction
 j - 2 potions of lignification {unknown}
 k - a potion of brilliance
 m - a potion of resistance
 s - a potion of berserk rage {unknown}
 A - a potion of haste


   Skills:
 + Level 4.8 Fighting
 + Level 8.1 Maces & Flails
 + Level 8.5 Armour
 + Level 6.8 Dodging
 + Level 4.5 Shields


You had 7 spell levels left.
You didn't know any spells.
Your spell library contained the following spells:

 Spells                   Type           Power      Damage    Failure   Level
 Sting                    Conj/Alch      0%         1d3       98%         1
 Mercury Vapours          Alch/Air       0%         N/A       99%         2
 Static Discharge         Conj/Air       0%         3-3/arc   99%         2
 Airstrike                Air            0%         2d(0-16)  100%        4
 Olgreb's Toxic Radiance  Alch           0%         N/A       100%        4
 Summon Lightning Spire   Summ/Air       0%         N/A       100%        4


Dungeon Overview and Level Annotations

Branches:
Dungeon (7/15)             Temple (0/1) D:7

Altars:
Cheibriados
Gozag
Makhleb
Trog
Xom

Shops:
D:1 [?   D:5 :

Annotations:
D:2 1 runed translucent door, Crazy Yiuf
D:4 Edmund


Innate Abilities, Weirdness & Mutations

You have a pair of horns on your head.
You reflexively headbutt those who attack you in melee.
You have supernaturally acute eyesight. (SInv)
You are agile. (Dex +4, Str/Int -1)


Message History

You hit the killer bee but do no damage.
The killer bee is almost dead.
The killer bee stings you but does no damage. x2
You are too injured to fight recklessly!
Unknown command.
You miss the killer bee.
The killer bee is almost dead.
The killer bee completely misses you. The killer bee stings you.
You are too injured to fight recklessly!
Unknown command.
You hit the killer bee. Your headbutt misses the killer bee.
The killer bee is almost dead.
The killer bee barely misses you. The killer bee stings you.
You are poisoned.
The killer bee poisons you!
You are too injured to fight recklessly!
Unknown command.
You barely miss the killer bee.
The killer bee is almost dead.
You feel very sick. The killer bee stings you!
* * * LOW HITPOINT WARNING * * *
You are lethally poisoned!
The killer bee poisons you! The killer bee misses you. You furiously retaliate!
You headbutt the killer bee!
You kill the killer bee!
You are too injured to fight recklessly!
You barely miss the killer bee. Your headbutt misses the killer bee.
* * * LOW HITPOINT WARNING * * *
You feel very sick. The killer bee stings you!
* * * LOW HITPOINT WARNING * * *
The killer bee stings you but does no damage.
You are too injured to fight recklessly!
Unknown command.
It was a potion of haste.
You feel yourself speed up.
* * * LOW HITPOINT WARNING * * *
You feel sick. The killer bee closely misses you. You furiously retaliate!
You headbutt the killer bee! The killer bee stings you.
You die...

.........#...#.# #.#
#####.####.#
#......# #####..###
#.....# . ##.##.#
... ....#.#
#..##############.##
#.yggy@............#
#.##################


You could see a gnoll sergeant, 2 killer bees and a gnoll.

Vanquished Creatures
  Sigmund (D:2)
  2 water moccasins
  An ogre (D:5)
  A phantom (D:5)
  A centaur (D:7)
  A bullfrog (D:7)
  6 scorpions
  A gnoll sergeant (D:6)
  7 killer bees
  2 howler monkeys (D:7)
  2 jellies
  2 orc priests
  Jessica (D:3)
  A sleepcap (D:7)
  An iguana (D:6)
  3 orc wizards
  Terence (D:2)
  6 gnolls
  7 adders
  A white imp (D:6)
  4 ufetubi
  A ribbon worm (D:2)
  12 orcs
  6 endoplasms
  3 giant cockroaches
  A goblin (D:1)
  2 hobgoblins (D:1)
  5 kobolds
  2 quokkas
  3 ball pythons
  9 bats
  A frilled lizard (D:1)
  3 rats
100 creatures vanquished.

Vanquished Creatures (others)
  An arcanist (D:5)
1 creature vanquished.

Grand Total: 101 creatures vanquished

Notes
Turn   | Place    | Note
-------+----------+-------------------------------------------
     0 | D:1      | dialectric the Minotaur Fighter began the quest for the
                  | Orb.
     0 | D:1      | Reached XP level 1. HP: 19/19 MP: 0/0
    70 | D:1      | Found Wiolukh's Antique Armour Emporium.
   379 | D:1      | Reached XP level 2. HP: 27/27 MP: 1/1
   454 | D:1      | Found The Oracle's Delphic Readings.
   902 | D:2      | Reached skill level 1 in Dodging
   964 | D:2      | Reached XP level 3. HP: 33/33 MP: 2/2
  1042 | D:2      | Noticed Sigmund
  1048 | D:2      | Killed Sigmund
  1049 | D:2      | Reached skill level 5 in Armour
  1049 | D:2      | Reached XP level 4. HP: 33/40 MP: 3/3
  1049 | D:2      | Reached XP level 5. HP: 38/46 MP: 4/4
  1226 | D:2      | Noticed Terence
  1233 | D:2      | Killed Terence
  1274 | D:2      | Found a runed translucent door.
  1275 | D:2      | Noticed Crazy Yiuf
  1578 | D:3      | Noticed Jessica
  1587 | D:3      | Killed Jessica
  1893 | D:3      | Found a burning altar of Makhleb.
  1899 | D:3      | Found a snail-covered altar of Cheibriados.
  1960 | D:3      | Reached XP level 6. HP: 52/52 MP: 5/5
  2139 | D:4      | Noticed Edmund
  2142 | D:4      | Noticed a water moccasin
  2149 | D:4      | Gained mutation: You have supernaturally acute eyesight.
                  | (SInv) [potion of mutation]
  2149 | D:4      | Gained mutation: You are agile. (Dex +4, Str/Int -1)
                  | [potion of mutation]
  2154 | D:5      | Entered Level 5 of the Dungeon
  2440 | D:5      | Reached skill level 5 in Maces & Flails
  2738 | D:5      | Reached XP level 7. HP: 47/59 MP: 6/6
  2829 | D:5      | Found Yratuth's Book Shop.
  3195 | D:5      | Found a bloodstained altar of Trog.
  3196 | D:5      | Noticed a wizard
  3202 | D:5      | Killed a wizard
  3416 | D:5      | Reached skill level 5 in Dodging
  3859 | D:6      | Reached XP level 8. HP: 39/66 MP: 7/7
  4305 | D:6      | Found a shimmering altar of Xom.
  5173 | D:7      | Found an opulent altar of Gozag.
  5256 | D:7      | Found a staircase to the Ecumenical Temple.
  5368 | D:7      | HP: 3/67 [killer bee (7)]
  5369 | D:7      | HP: 1/67 [poisoned by a killer bee]
  5369 | D:7      | Slain by a killer bee

Illustrated notes

Levels and vault maps discovered:
D:1:      minmay_arrival_floating_metal, layout_loops_ring, serial_shops,
          nicolae_shop_scrapyard, nicolae_nh_oracle_at_delphi
D:2:      layout_basic, uniq_crazy_yiuf_cottage, uniq_terence, uniq_sigmund
D:3:      layout_basic, jmf_multi_god_temple2, minivault_14, uniq_jessica
D:4:      layout_basic, amcnicky_altar_gilded, nicolae_tricolors,
          uniq_eustachio, uniq_natasha, uniq_edmund
D:5:      layout_basic, trog_wizard, serial_shops, nicolae_shop_hallway_stairs,
          guppyfry_early_lair_pool
D:6:      layout_loops_ring, xom_teletrap_fun, hangedman_decor_slide_cut
D:7:      layout_basic, grunt_gozag_breadcrumbs, minmay_temple_entry_crystal_x

Skill      XL: |  1  2  3  4  5  6  7  8 |
---------------+-------------------------+-----
Dodging        | 1 3 4 5 6 |  6.8
Fighting       | 4 |  4.8
Maces & Flails | 3 4 5 6 8 |  8.1
Armour         | 4 5 6 7 8 |  8.5
Shields        | 4 |  4.5

Action                     |  1- 3 |  4- 6 |  7- 9 || total
---------------------------+-------+-------+-------++-------
  Melee: Flail             |    63 |    76 |   158 ||   297
         Headbutt          |     4 |    10 |    32 ||    46
         Punch             |       |       |     3 ||     3
  Evoke: Wand              |       |       |     2 ||     2
    Use: Potion            |     1 |     2 |     3 ||     6
         Scroll            |       |     4 |     1 ||     5
 Armour: Scale mail        |    48 |    60 |   118 ||   226
         Chain mail        |       |       |    24 ||    24
  Dodge: Dodged            |    37 |    35 |   123 ||   195

Table legend: (Time is in decaauts)
 A = Elapsed time spent in this place.
 B = Non-inter-level travel time spent in this place.
 C = Inter-level travel time spent in this place.
 D = Time resting spent in this place.
 E = Time spent auto-exploring this place.
 F = Levels seen in this place.
 G = Mean time per level.
                   A        B        C        D        E       F      G
               +--------+--------+--------+--------+--------+-----+--------+
         Total |   5422 |   5332 |     90 |    704 |   3761 |   7 |  774.6 |
       Dungeon |   5422 |   5332 |     90 |    704 |   3761 |   7 |  774.6 |
               +--------+--------+--------+--------+--------+-----+--------+

Top non-repeatable levels by time:
     D:5: 1664 daAuts
     D:6: 1168 daAuts
     D:1: 913 daAuts
     D:3: 679 daAuts
     D:2: 586 daAuts
     D:7: 391 daAuts
     D:4: 18 daAuts
